 Dungeon Crawl Stone Soup version 0.25.1-2-g60ff931df9 (webtiles) character file.

Game seed: 1237108373386370656

17 hawla the Slasher (level 2, -4/37 HPs)
             Began as a Minotaur Gladiator on Nov 4, 2020.
             Slain by a gnoll
             ... wielding a +0 spear
              (5 damage)
             ... on level 2 of the Dungeon.
             The game lasted 00:01:28 (891 turns).

hawla the Slasher (Minotaur Gladiator)               Turns: 891, Time: 00:01:29

Health: -4/37      AC:  4    Str: 18    XL:     2   Next: 44%
Magic:  1/1        EV: 13    Int:  5    God:
Gold:   81         SH:  0    Dex: 11    Spells: 1/1 levels left

rFire    . . .     SeeInvis .   a - +0 long sword
rCold    . . .     Gourm    .   (no shield)
rNeg     . . .     Faith    .   b - +0 leather armour
rPois    .         Spirit   .   c - +1 hat
rElec    .         Reflect  .   (no cloak)
rCorr    .         Harm     .   (no gloves)
MR       .....                  (no boots)
Stlth    ..........             (no amulet)
HPRegen  0.12/turn              (no ring)
MPRegen  0.07/turn              (no ring)

@: berserking (expiring), very quick
A: retaliatory headbutt, horns 2
a: no special abilities


You were on level 2 of the Dungeon.
You were not hungry.

You visited 1 branch of the dungeon, and saw 2 of its levels.

You collected 81 gold pieces.

Inventory:

Hand Weapons
 a - a +0 long sword (weapon)
Missiles
 d - 3 throwing nets (quivered)
Armour
 b - a +0 leather armour (worn)
 c - a +1 hat (worn)
Scrolls
 g - a scroll of enchant armour
 j - a scroll of identify
 m - a scroll of teleportation
 p - a scroll of remove curse {unknown}
Potions
 e - a potion of berserk rage
 h - a potion of flight
 i - a potion of might {unknown}
 k - a potion of degeneration {unknown}
 l - a potion of brilliance {unknown}
 n - a potion of haste {unknown}
 q - a potion of magic {unknown}
Comestibles
 f - a ration


   Skills:
 + Level 2.5 Fighting
 + Level 4.1 Long Blades
 + Level 2.3 Throwing
 * Level 3.4 Dodging
 + Level 0.1 Stealth


You had one spell level left.
You didn't know any spells.
Your spell library was empty.

Dungeon Overview and Level Annotations

Branches:
Dungeon (2/15)

Altars:


Innate Abilities, Weirdness & Mutations

You reflexively headbutt those who attack you in melee.
You have a pair of horns on your head.


Message History

A gnoll comes into view. It is wielding a +0 club.
A jackal comes into view.
The bat moves out of view.
The gnoll hits you from afar with a +0 spear.
Something hits the plant but does no damage.
The gnoll hits you from afar with a +0 spear.
The gnoll hits you from afar with a +0 spear.
* * * LOW HITPOINT WARNING * * *
It was a potion of berserk rage.
A red film seems to cover your vision as you go berserk!
You feel yourself moving faster!
You feel mighty!
The gnoll hits you from afar with a +0 spear.
* * * LOW HITPOINT WARNING * * *
You feel a strong urge to attack something.
The gnoll hits you with a +0 spear.
* * * LOW HITPOINT WARNING * * *
You hit the gnoll.
The gnoll is heavily wounded.
The gnoll hits you with a +0 spear.
You die...

≈≈≈≈≈≈≈≈≈P≈g≈*≈≈♣.....,,,,,,,**
≈≈≈≈≈≈≈≈≈≈g≈≈≈≈≈♣....,*,,,,,**
≈≈≈≈≈≈≈≈≈≈P♣g≈**#..##********
≈≈≈≈≈≈≈≈≈≈P≈≈≈≈##...#
≈≈≈≈≈≈≈≈♣PP♣≈###....#
≈≈≈≈*≈*≈≈≈♣≈.g......#
≈***≈≈≈**≈##.#)....##
♣≈≈**≈,*,,#..#.#gg.#
.***..,,,......#@###
#**#.**,%...####.#
###..,......* ##.#
#....#......*##..#
..##.#..#..###..##
#.....,*#.,*#..##
..##.#,*#..*#.##
.[##.#.##..##.# #.##.#.#......#


You could see 2 gnolls.

Vanquished Creatures
  2 dart slugs (D:1)
  5 hobgoblins (D:1)
  3 bats
  A frilled lizard (D:2)
  A goblin (D:1)
  A kobold (D:1)
13 creatures vanquished.

Notes
Turn   | Place    | Note
-------+----------+-------------------------------------------
     0 | D:1      | hawla the Minotaur Gladiator began the quest for the Orb.
     0 | D:1      | Reached XP level 1. HP: 18/18 MP: 0/0
   339 | D:1      | Reached XP level 2. HP: 24/25 MP: 1/1
   417 | D:1      | Reached skill level 4 in Long Blades
   890 | D:2      | HP: 1/37 [gnoll/+0 spear (3)]
   891 | D:2      | Slain by a gnoll

Illustrated notes

Levels and vault maps discovered:
D:1:      eino_arrival_water_cross, layout_loops_corners, serial_bayou_pond_d
D:2:      layout_rooms, serial_bayou, serial_bayou_crossing,
          serial_bayou_pond_c, serial_bayou_lake_a, serial_bayou_ford_a,
          minmay_pentomino_z2

Skill      XL: |  1  2 |
---------------+-------+-----
Long Blades    | 4 |  4.1
Fighting       | |  2.5
Throwing       | |  2.3
Dodging        | |  3.4
Stealth        | |  0.1

Action                   || total
-------------------------++-------
Melee: Long sword        ||    26
       Headbutt          ||     6
  Use: Scroll            ||     5
       Potion            ||     1
Armor: Leather armour    ||     5
Dodge: Dodged            ||    16
       Rpst.: Long sword ||     2
